 Dungeon Crawl Stone Soup version 0.21-a0-260-g9b2435e (webtiles) character file.

21 tidbits the Insei (level 2, 7/22 HPs)
             Began as a Demigod Transmuter on Sept 7, 2017.
             Quit the game on level 2 of the Dungeon.
             The game lasted 00:04:15 (528 turns).

tidbits the Insei (Demigod Transmuter)               Turns: 528, Time: 00:04:16

Health: 7/22       AC:  2    Str: 10 (13) XL:     2   Next: 48%
Magic:  2/7        EV: 12    Int: 14 (17) God:
Gold:   23         SH:  0    Dex: 14 (16) Spells: 2/5 levels left

rFire    . . .     SeeInvis .     - Unarmed
rCold    . . .     Gourm    .   (no shield)
rNeg     . . .     Faith    .   b - +0 robe
rPois    .         Spirit   .   (no helmet)
rElec    .         Reflect  .   (no cloak)
rCorr    .         Harm     .   (no gloves)
MR       .....                  (no boots)
Stlth    +.........             (no amulet)
HPRegen  0.07/turn              (no ring)
MPRegen  0.10/turn              (no ring)

@: lethally poisoned (7 -> -3), very slightly contaminated
A: high mp 1
a: no special abilities


You were on level 2 of the Dungeon.
You were not hungry.

You visited 1 branch of the dungeon, and saw 3 of its levels.

You collected 23 gold pieces.

Inventory:

Missiles
 a - 11 arrows
 f - 48 stones (quivered)
 h - a throwing net {!f}
Armour
 b - a +0 robe (worn)
Scrolls
 e - a scroll of enchant armour {unknown}
Books
 c - a book of Changes

   Spells                             Type                      Level
   a - Beastly Appendage              Transmutation                1
   b - Sticks to Snakes               Transmutation                2
   c - Spider Form                    Transmutation/Poison         3
   d - Ice Form                       Ice/Transmutation            4
   e - Blade Hands                    Transmutation                5
Comestibles
 d - a bread ration


   Skills:
 - Level 0.8 Fighting
 - Level 1.7 Dodging
 * Level 3.1 Unarmed Combat
 - Level 2.0 Spellcasting
 + Level 2.2 Transmutations


You had 2 spell levels left.
You knew the following spells:

 Your Spells              Type           Power        Failure   Level  Hunger
e - Beastly Appendage     Tmut           #.....       10%         1    ##.....
k - Sticks to Snakes      Tmut           #.......     14%         2    ###....


Dungeon Overview and Level Annotations

Branches:
Dungeon (3/15)

Annotations:
D:2 exclusion: downstairs
D:3 Jessica


Innate Abilities, Weirdness & Mutations

You have an increased reservoir of magic. (+10% MP)


Message History

Confirm with . or Enter, or press ? or * to list all spells.
You miscast Beastly Appendage.
Nothing appears to happen.
The bat barely misses you.
Casting: Beastly Appendage
Confirm with . or Enter, or press ? or * to list all spells.
You grow a pair of large bovine horns.
The bat barely misses you. The bat hits you.
You barely miss the bat. Your headbutt misses the bat.
The bat hits you but does no damage. x2
You barely miss the bat. The bat barely misses you. The bat closely misses you.
You hit the bat. Your headbutt misses the bat. Your punch misses the bat.
The bat is heavily wounded.
The bat hits you but does no damage. The bat hits you.
You barely miss the bat.
The bat is moderately wounded.
The bat completely misses you. The bat closely misses you.
You hit the bat but do no damage. Your headbutt misses the bat.
The bat is moderately wounded.
The bat hits you but does no damage. The bat barely misses you.
You closely miss the bat.
The bat is moderately wounded.
The bat hits you but does no damage. The bat closely misses you.
You barely miss the bat. The bat hits you but does no damage.
You closely miss the ball python.
Your transformation is almost over.
The ball python barely misses you. x2
You barely miss the ball python. You headbutt the ball python.
You kill the ball python!
The bat hits you but does no damage. The bat closely misses you.
You miss the bat. The bat closely misses you.
The bat hits you but does no damage.
You hit the bat.
You kill the bat!
The bat closely misses you.
Casting: Beastly Appendage
Confirm with . or Enter, or press ? or * to list all spells.
You extend your transformation's duration.
The bat hits you. The bat barely misses you.
You closely miss the bat.
The bat is moderately wounded.
The bat hits you.
You hit the bat.
You kill the bat!
The giant cockroach closely misses you.
Unknown command.
You closely miss the giant cockroach.
Your headbutt misses the giant cockroach.
The giant cockroach misses you.
You closely miss the giant cockroach. The giant cockroach barely misses you.
You hit the giant cockroach.
The giant cockroach is heavily wounded.
Your transformation is almost over.
The giant cockroach bites you.
You barely miss the giant cockroach.
The giant cockroach is heavily wounded.
The giant cockroach barely misses you.
You hit the giant cockroach but do no damage.
Your headbutt misses the giant cockroach.
The giant cockroach is heavily wounded.
The giant cockroach closely misses you.
You hit the giant cockroach.
The giant cockroach is severely wounded.
The giant cockroach closely misses you.
The giant cockroach bites you but does no damage.
You hit the giant cockroach.
You kill the giant cockroach!
You see here a giant cockroach corpse.
Things that are here:
a bat corpse; a ball python corpse An adder comes into view.
The adder hisses angrily.
Your horns disappear.
A hobgoblin comes into view. It is wielding a club.
The adder barely misses you.
Casting: Beastly Appendage
Confirm with . or Enter, or press ? or * to list all spells.
You create a snake!
You now have 11 arrows.
The adder bites you.
Your ball python misses the adder.
Your ball python closely misses the adder.
Casting: Sticks to Snakes
Confirm with . or Enter, or press ? or * to list all spells.
You miscast Beastly Appendage.
Your hands glow momentarily.
The adder closely misses you.
Your ball python misses the adder.
Your ball python grabs the adder.
Your ball python constricts the adder.
The adder bites you.
* * * LOW HITPOINT WARNING * * *
You are poisoned.
The adder poisons you!
Casting: Beastly Appendage
Confirm with . or Enter, or press ? or * to list all spells.
You miscast Beastly Appendage.
Your skin glows momentarily.
You feel sick.
Your ball python bites the adder.
Your ball python constricts the adder.
The adder bites you.
* * * LOW HITPOINT WARNING * * *
You are lethally poisoned!
The adder poisons you!
You aren't carrying any potions.
Unknown command.
Are you sure you want to abandon this character and quit the game? (Confirm with "yes".)

...........(... ......
#.!........#.#. ......
.####..........#.#. .#.###.
....#....... ..#.#.........
#.#........###.#.#.#.#.####
...........††....#.#.#.####
#.#........##†...#.#.......
.........S..#....#.###†###.
#.#.....gS@.#..#.#.#.....#.
............#.##...#.#.#.#.
#.#..%......#.###.^#.#.#'#.
............#.# #..#.......
....#######.#.# #..#..#.#..
.## .#.# ##.#....... .#.#
#.#..#.#.. .. #.........
#...#.#.#.


You could see an adder, a hobgoblin and a friendly ball python.

Vanquished Creatures
  2 ball pythons
  A giant cockroach (D:2)
  3 goblins
  2 hobgoblins
  2 jackals (D:1)
  3 bats (D:2)
  2 frilled lizards (D:2)
  3 kobolds
  2 rats (D:1)
20 creatures vanquished.

Notes
Turn   | Place    | Note
-------+----------+-------------------------------------------
     0 | D:1      | tidbits the Demigod Transmuter began the quest for the Orb.
     0 | D:1      | Reached XP level 1. HP: 15/15 MP: 5/5
   120 | D:1      | Reached skill level 2 in Spellcasting
   197 | D:2      | Reached skill level 2 in Transmutations
   201 | D:3      | Noticed Jessica
   241 | D:1      | Reached XP level 2. HP: 16/22 MP: 4/7
   254 | D:1      | Learned a level 2 spell: Sticks to Snakes
   378 | D:2      | Reached skill level 3 in Unarmed Combat
   528 | D:2      | Quit the game

Vault maps used:
D:1:      saegor_arrival_simple_e
D:2:      serial_glass, glass_columns_c, glass_columns_a, first_bread,
          uniq_terence
D:3:      xom_butterflies, grunt_temple_overflow_open, elyvilon_altar_3,
          kennysheep_generic_room_3, uniq_jessica

Skill      XL: |  1  2 |
---------------+-------+-----
Spellcasting   | 2 |  2.0
Transmutations | 2 |  2.2
Unarmed Combat | 3 |  3.1
Fighting       | |  0.8
Dodging        | |  1.7

Action                   || total
-------------------------++-------
Melee: Unarmed           ||    96
       Headbutt          ||     7
       Kick              ||     3
       Punch             ||     1
 Cast: Beastly Appendage ||    16
       Sticks to Snakes  ||     1
  Use: Potion            ||     1
 Stab: Sleeping          ||     1
Armor: Robe              ||    26
Dodge: Dodged            ||    72

Table legend:
 A = Spawn XP
 B = Non-spawn XP
 C = Spawn XP percentage of total XP
 D = Spawn monster count
 E = Non-spawn monster count
 F = Spawn count percentage of total count
 G = Total turns spent on level
                    A         B        C        D         E        F      G
               +---------+---------+-------+---------+---------+-------+---------
         Total |       0 |      31 |   0.0 |       0 |      20 |   0.0 |   528
               +---------+---------+-------+---------+---------+-------+---------
           D:1 |       0 |      16 |   0.0 |       0 |      10 |   0.0 |   292
           D:2 |       0 |      15 |   0.0 |       0 |      10 |   0.0 |   233
               +---------+---------+-------+---------+---------+-------+---------

Table legend:
 A = Turns spent in this place as a percentage of turns spent in the entire game.
 B = Non-inter-level travel turns spent in this place as a percentage of non-inter-level travel turns spent in the entire game.
 C = Inter-level travel turns spent in this place as a percentage of turns spent in this place.
 D = Turns resting spent in this place as a percentage of non-inter-level travel turns spent in this place.
 E = Turns spent auto-exploring this place as a percentage of non-inter-level travel turns spent in this place.
 F = Non-inter-level travel turns spent in this place divided by the number of levels of this place that you've seen.
                   A       B       C       D       E      F
               +-------+-------+-------+-------+-------+----------------------
         Total | 100.0 | 100.0 |   0.0 |   0.0 |   0.0 | 176.0
       Dungeon | 100.0 | 100.0 |   0.0 |   0.0 |   0.0 | 176.0
               +-------+-------+-------+-------+-------+----------------------

Table legend:
 A = Kills in this place as a percentage of kills in entire the game.
 B = Kills by you in this place as a percentage of kills by you in the entire game.
 C = Kills by friends in this place as a percentage of kills by friends in the entire game.
 D = Other kills in this place as a percentage of other kills in the entire game.
 E = Experience gained in this place as a percentage of experience gained in the entire game.
 F = Experience gained in this place divided by the number of levels of this place that you have seen.
                   A       B       C       D       E      F
               +-------+-------+-------+-------+-------+----------------------
         Total | 100.0 | 100.0 |   N/A |   N/A | 100.0 |  10.3
       Dungeon | 100.0 | 100.0 |   N/A |   N/A | 100.0 |  10.3
               +-------+-------+-------+-------+-------+----------------------

Vault maps used:
D:1:      saegor_arrival_simple_e
D:2:      serial_glass, glass_columns_c, glass_columns_a, first_bread,
          uniq_terence
D:3:      xom_butterflies, grunt_temple_overflow_open, elyvilon_altar_3,
          kennysheep_generic_room_3, uniq_jessica
